 Dungeon Crawl Stone Soup version 0.30.0-16-gbe6223bb7e (webtiles) character file.

Game seed: 11226408810311677544

2310 NateTC the Skirmisher (level 9, -3/47 HPs)
             Began as a Spriggan Hunter on May 21, 2023.
             Killed from afar by an electric eel (7 damage)
             ... with a bolt of electricity
             ... on level 7 of the Dungeon.
             The game lasted 00:07:30 (4685 turns).

NateTC the Skirmisher (Spriggan Hunter)             Turns: 4685, Time: 00:07:30

Health: -3/47      AC:  3    Str:  7    XL:     9   Next: 18%
Magic:  10/10      EV: 21    Int: 10    God:
Gold:   267        SH:  0    Dex: 23    Spells: 8/8 levels left

rFire   . . .        a - +1 shortbow (heavy)
rCold   . . .        (shield currently unavailable)
rNeg    . . .        c - +1 robe
rPois   .            (helmet restricted)
rElec   .            (no cloak)
rCorr   .            (gloves unavailable)
SInv    +            (boots unavailable)
Will    +....        (no amulet)
Stlth   ++++         (no ring)
HPRegen 0.27/turn    (no ring)
MPRegen 0.12/turn

%: no passive effects
@: very quick
A: very small, no large weapons, unfitting armour, see invisible, speed 3
a: no special abilities


You were on level 7 of the Dungeon.
You visited 1 branch of the dungeon, and saw 7 of its levels.

You collected 267 gold pieces.

Inventory:

Hand Weapons
 a - a +1 heavy shortbow (weapon)
Armour
 c - a +1 robe (worn)
Jewellery
 s - a ring of positive energy
Wands
 n - a wand of iceblast (10)
 q - a wand of quicksilver (3)
Scrolls
 b - a scroll of immolation
 f - 3 scrolls of amnesia
 i - a scroll of silence
 m - 2 scrolls of teleportation
 r - a scroll of magic mapping
Potions
 d - 7 potions of curing
 e - a potion of mutation
 h - 2 potions of flight
 j - a potion of might
 k - a potion of heal wounds
 l - a potion of brilliance
 o - 2 potions of invisibility
 p - a potion of ambrosia
 t - 4 potions of lignification
 u - a potion of attraction
 v - a potion of resistance {unknown}
 w - a potion of magic {unknown}


   Skills:
 + Level 5.3 Fighting
 * Level 9.7 Ranged Weapons
 - Level 5.1 Dodging
 + Level 8.1 Stealth


You had 8 spell levels left.
You didn't know any spells.
Your spell library contained the following spells:

 Spells                   Type           Power      Damage    Failure   Level
 Summon Small Mammal      Summ           0%         N/A       36%         1
 Ensorcelled Hibernation  Hex/Ice        0%         N/A       50%         2
 Call Canine Familiar     Summ           0%         N/A       75%         3
 Spider Form              Tmut/Pois      0%         N/A       75%         3
 Summon Guardian Golem    Hex/Summ       0%         N/A       75%         3
 Anguish                  Hex/Necr       0%         N/A       98%         4


Dungeon Overview and Level Annotations

Branches:
Dungeon (7/15) Zot: 26820
 Temple: D:4-7

Altars:
Ashenzari
Cheibriados
Nemelex Xobeh
Sif Muna
The Shining One

Shops:
D:1 (([:   D:3 (


Innate Abilities, Weirdness & Mutations

You are very small and have problems with some larger weapons.
You are too small for most types of armour.
You have supernaturally acute eyesight. (SInv)
You cover ground extremely quickly. (Speed+++)


Message History

Fire: a) +1 shortbow (heavy)
Press: ? - help, Q - select action, (/) - cycle Shift-Dir - straight line, f/p - sky beast
Aim: a sky beast (heavily wounded, 62% to hit)
You shoot an arrow. The arrow hits the sky beast!
You kill the sky beast!
Your Stealth skill increases to level 8!
Fire: a) +1 shortbow (heavy)
Press: ? - help, Q - select action, (/) - cycle Shift-Dir - straight line, f - you Really target yourself?
Okay, then.
You start resting.
An electric eel is nearby!
Fire: a) +1 shortbow (heavy)
Press: ? - help, Q - select action, (/) - cycle Shift-Dir - straight line, f - electric eel
Aim: an electric eel (wandering, hasn't noticed you, 56% to hit)
You shoot an arrow. The arrow misses the electric eel.
The electric eel shoots out a bolt of lightning at you!
The bolt of electricity hits you!
* * * LOW HITPOINT WARNING * * *
Unknown command.
You start resting.
An electric eel is nearby!
Fire: a) +1 shortbow (heavy)
Press: ? - help, Q - select action, (/) - cycle Shift-Dir - straight line, f/p - electric eel
Aim: an electric eel (56% to hit)
You shoot an arrow. The arrow hits the electric eel.
The electric eel is lightly wounded.
The electric eel shoots out a bolt of lightning at you!
The bolt of electricity misses you.
Fire: a) +1 shortbow (heavy)
Press: ? - help, Q - select action, (/) - cycle Shift-Dir - straight line, f/p - electric eel
Aim: an electric eel (lightly wounded, 56% to hit)
You shoot an arrow. The arrow hits the electric eel.
The electric eel is moderately wounded.
The electric eel shoots out a bolt of lightning at you!
The bolt of electricity hits you!
* * * LOW HITPOINT WARNING * * *
The electric eel shoots out a bolt of lightning at you!
The bolt of electricity hits you!
You die...

≈S≈~♣♣♣~~~P.~♣♣
≈≈≈P~≈~~~~~.~~#
~≈~P~~~~≈S~.♣##
..~...).......######.
~~~~~~≈~P~~.†........#
~~~≈≈~≈P≈P~~~..####..#
~~~~~≈≈~~~~~♣...###..###
†~~≈~≈P~P~~~...........#
♣♣~~≈≈≈~~P♣.....@...$#
♣♣♣≈~P~~♣#..######..#
♣~~~~~##..# .# ♣♣P♣#
#.!# ♣♣ #.. ..# .##


You could see an electric eel.

Vanquished Creatures
  A troll (D:6)
  A hornet (D:6)
  3 yaks (D:5)
  An ice beast (D:6)
  A sky beast (D:7)
  2 black bears
  A centaur (D:6)
  A gnoll sergeant (D:7)
  3 scorpions
  3 electric eels (D:7)
  A jelly (D:6)
  An orc priest (D:4)
  5 hounds
  Jessica (D:3)
  4 iguanas
  A sleepcap (D:6)
  3 orc wizards
  A mummy (D:4)
  3 gnolls (D:7)
  8 adders
  2 white imps
  An ufetubus (D:6)
  3 worms
  A dart slug (D:5)
  19 orcs
  A ball python (D:2)
  3 endoplasms
  3 giant cockroaches
  7 goblins
  9 hobgoblins
  4 jackals (D:5)
  7 kobolds
  A quokka (D:4)
  8 bats
  6 frilled lizards
  A rat (D:1)
121 creatures vanquished.

Notes
Turn   | Place    | Note
-------+----------+-------------------------------------------
     0 | D:1      | NateTC the Spriggan Hunter began the quest for the Orb.
     0 | D:1      | Reached XP level 1. HP: 10/10 MP: 2/2
   111 | D:1      | Reached XP level 2. HP: 15/15 MP: 3/3
   140 | D:1      | Found Ceycen's Book Emporium.
   170 | D:1      | Found Pudubregg's Armour Shoppe.
   228 | D:1      | Found Diul's Weapon Emporium.
   266 | D:1      | Found Siafiem's Antique Weapon Shop.
   388 | D:1      | Found a faded altar of an unknown god.
   621 | D:2      | Reached XP level 3. HP: 18/18 MP: 4/4
   879 | D:2      | Reached XP level 4. HP: 23/23 MP: 5/5
  1221 | D:3      | Reached skill level 5 in Ranged Weapons
  1541 | D:3      | Noticed Jessica
  1543 | D:3      | Killed Jessica
  1551 | D:3      | Found a shimmering blue altar of Sif Muna.
  1588 | D:3      | Found Vithaown's Weapon Boutique.
  2106 | D:4      | Noticed a scorpion
  2109 | D:4      | Killed a scorpion
  2110 | D:4      | Reached XP level 5. HP: 27/27 MP: 6/6
  2302 | D:4      | Reached XP level 6. HP: 32/32 MP: 7/7
  2312 | D:4      | Found a broken altar of Ashenzari.
  2332 | D:4      | Reached skill level 6 in Ranged Weapons
  2355 | D:4      | Found a glowing golden altar of the Shining One.
  2387 | D:4      | Reached skill level 5 in Dodging
  2638 | D:4      | Found a snail-covered altar of Cheibriados.
  2708 | D:5      | Entered Level 5 of the Dungeon
  2961 | D:5      | Reached XP level 7. HP: 36/36 MP: 8/8
  2962 | D:5      | Noticed a yak
  2963 | D:5      | Noticed a yak
  2964 | D:5      | Noticed a yak
  3008 | D:5      | Killed a yak
  3009 | D:5      | Reached skill level 7 in Ranged Weapons
  3041 | D:5      | Killed a yak
  3043 | D:5      | Killed a yak
  3044 | D:5      | Reached skill level 5 in Stealth
  3044 | D:5      | Reached XP level 8. HP: 9/42 MP: 9/9
  3548 | D:6      | Noticed a hornet
  3760 | D:6      | Reached skill level 8 in Ranged Weapons
  3772 | D:6      | Killed a hornet
  3851 | D:6      | Noticed a troll
  3870 | D:6      | Killed a troll
  3920 | D:6      | Reached skill level 9 in Ranged Weapons
  4264 | D:6      | Found a sparkling altar of Nemelex Xobeh.
  4375 | D:6      | Reached skill level 5 in Fighting
  4489 | D:6      | Reached XP level 9. HP: 47/47 MP: 10/10
  4685 | D:7      | Killed from afar by an electric eel

Illustrated notes

Levels and vault maps discovered:
D:1:      dpeg_arrival_morbid_curiosity, layout_rooms,
          shapermc_ecumenical_altar_totnotflames, serial_shops, shop_statue,
          nicolae_shop_bloodbath_and_beyond,
          nicolae_shop_competitors_out_of_business, shop
D:2:      layout_rooms, minmay_misc_feat_square, interstate_on_off,
          hangedman_decor_clover_reticule
D:3:      layout_basic, tgw_sif, serial_forest, infiniplex_forest_zigzag_1,
          infiniplex_forest_clump_double, infiniplex_forest_pool,
          infiniplex_forest_clump_double, infiniplex_forest_straight_4,
          infiniplex_forest_pool, infiniplex_forest_clump_diagonal,
          infiniplex_forest_side_room, serial_shops, nicolae_square_shop,
          reono_crystal_passage
D:4:      layout_loops_ring, slow_altar_2,
          mainiacjoe_overflow_concentric_impassable, old_standard_altar
D:5:      layout_basic
D:6:      layout_loops_ring, mainiacjoe_overflow_surrounded_room
D:7:      layout_loops_ring, minmay_temple_entry_glass, serial_bayou_lagoon_b

Skill      XL: |  1  2  3  4  5  6  7  8  9 |
---------------+----------------------------+-----
Dodging        | 3 4 5 |  5.1
Fighting       | 2 3 4 5 |  5.3
Ranged Weapons | 5 6 7 9 |  9.7
Stealth        | 2 5 7 8 |  8.1

Action                     |  1- 3 |  4- 6 |  7- 9 || total
---------------------------+-------+-------+-------++-------
   Fire: Shortbow          |   101 |    81 |   110 ||   292
    Use: Scroll            |     8 |    11 |     3 ||    22
 Armour: Robe              |     1 |       |     8 ||     9
  Dodge: Dodged            |    35 |    29 |    60 ||   124
